 Dungeon Crawl Stone Soup version 0.28.0-53-g5a82cb258f (webtiles) character file.

Game seed: 13114267433563971356

16543 pkoi the Grappler (level 11, -2/101 HPs)
             Began as a Demigod Gladiator on June 2, 2022.
             Slain by a boulder beetle (22 damage)
             ... on level 9 of the Dungeon.
             The game lasted 00:29:21 (19743 turns).

pkoi the Grappler (Demigod Gladiator)              Turns: 19743, Time: 00:29:22

Health: -2/101     AC: 23    Str: 23    XL:     11   Next: 81%
Magic:  14/14      EV:  9    Int: 18    God:
Gold:   1711       SH:  0    Dex: 15    Spells: 2/10 levels left

rFire   + + +      SeeInvis +   I - +4 spear (venom)
rCold   + . .      Faith    .   (no shield)
rNeg    . . .      Spirit   .   k - +0 storm dragon scales
rPois   +          Reflect  .   s - +2 helmet
rElec   +          Harm     .   H - +2 cloak {rPois}
rCorr   .          Rampage  .   e - +2 pair of gloves of Melancholy {rF++ SInv}
Will    +....                   (no boots)
Stlth   ..........              (no amulet)
HPRegen 0.26/turn               r - ring of protection from cold
MPRegen 0.14/turn               F - ring "Curch" {rF+ Str+4 Slay+2}

@: studying Fighting
A: high MP 1, forlorn, divine attributes
a: no special abilities


You were on level 9 of the Dungeon.
You visited 2 branches of the dungeon, and saw 11 of its levels.
You also visited: Ossuary and Bailey.

You collected 1951 gold pieces.
You spent 240 gold pieces at shops.

Inventory:

Hand Weapons
 i - a +0 flail of venom
 l - a +1 vorpal dagger
 G - the +9 scimitar of the Valley of Death {antimagic, rC- Will+ SInv}
   (You took it off an orc warrior in a bailey)

   It reduces the magical energy of the wielder, and disrupts the spells and
   magical abilities of those it strikes.
   Natural abilities and divine invocations are not affected.
   rC:        It makes you vulnerable to cold.
   SInv:      It lets you see invisible.
   Will:      It increases your willpower.
 I - a +4 spear of venom (weapon)
Missiles
 c - 4 throwing nets
 n - 14 poisoned darts (quivered)
Armour
 e - the +2 pair of gloves of Melancholy (worn) {rF++ SInv}
   (You acquired it on level 4 of the Dungeon)

   rF:        It greatly protects you from fire.
   SInv:      It lets you see invisible.
 k - +0 storm dragon scales (worn)
 s - a +2 helmet (worn)
 H - a +2 cloak of poison resistance (worn)
Jewellery
 r - a ring of protection from cold (left hand)
 v - a ring of see invisible
 z - a ring of wizardry
 F - the ring "Curch" (right hand) {rF+ Str+4 Slay+2}
   (You acquired it on level 8 of the Dungeon)

   [ring of protection from fire]

   Str:       It affects your strength (+4).
   Slay:      It affects your accuracy & damage with ranged weapons and melee
   (+2).
   rF:        It protects you from fire.
Wands
 j - a wand of iceblast (2)
 u - a wand of mindburst (2)
 y - a wand of digging (2)
Scrolls
 a - a scroll of holy word
 b - 7 scrolls of teleportation
 g - 2 scrolls of identify
 m - a scroll of fear
 o - a scroll of silence {unknown}
 q - 4 scrolls of enchant weapon
 t - a scroll of amnesia
 x - 2 scrolls of magic mapping
 A - 2 scrolls of summoning
 C - a scroll of enchant armour
Potions
 d - 6 potions of curing
 h - a potion of ambrosia
 p - 6 potions of heal wounds
 w - a potion of berserk rage
 B - a potion of resistance
 D - a potion of invisibility
 E - a potion of might


   Skills:
 + Level 10.7 Fighting
 - Level 1.7 Throwing
 + Level 7.6 Armour
 - Level 3.0 Dodging
 * Level 13.6 Unarmed Combat
 - Level 6.0 Evocations


You had 2 spell levels left.
You knew the following spells:

 Your Spells              Type           Power      Damage    Failure   Level
a - Confusing Touch       Hex            0%         N/A       99%         3
b - Ignite Poison         Fire/Tmut/Pois 0%         N/A       99%         3
c - Blink                 Tloc           0%         N/A       91%         2

Your spell library contained the following spells:

 Spells                   Type           Power      Damage    Failure   Level
 Conjure Flame            Conj/Fire      0%         6-21      99%         3
 Lesser Beckoning         Tloc           0%         N/A       99%         3
 Sticky Flame             Conj/Fire      0%         2d3       100%        4
 Manifold Assault         Tloc           0%         N/A       100%        5
 Yara's Violent Unravell  Hex/Tmut       0%         3d3       100%        5
 Enfeeble                 Hex            0%         N/A       100%        7


Dungeon Overview and Level Annotations

Branches:
Dungeon (9/15)             Temple (0/1) D:4            Lair (2/6) D:9
Ossuary (visited)          Bailey (visited)
  Swamp: Lair:2-4    Shoals: Lair:2-4     Snake: Lair:2-4    Spider: Lair:2-4
    Orc: D:9-12

Shops:
D:2 [   D:7 *

Annotations:
D:3 3 runed translucent doors, Wentworth's ghost, amateur DrIE; Zeld's ghost, weakling GrCj
D:7 Harold


Innate Abilities, Weirdness & Mutations

You have an increased reservoir of magic. (+10% MP)
You shall have no god before yourself.
Your divine heritage dramatically boosts your attributes as you level up.


Message History

You kill the basilisk!
Your limbs are stiffening.
Unknown command.
You start resting.
You have turned to stone.
Your transformation is almost over.
A boulder beetle comes into view.
You turn to wood and can move again.
Unknown command.
Unknown command.
Unknown command.
You feel less wooden.
Your +2 cloak of poison resistance unmelds from your body.
Your +2 helmet unmelds from your body.
The +2 pair of gloves of Melancholy {rF++ SInv} unmelds from your body.
Your +0 storm dragon scales unmelds from your body.
You feel resistant to poison.
You hit the boulder beetle but do no damage.
The boulder beetle bites you!
* * * LOW HITPOINT WARNING * * *
Unknown command.
Your +4 spear of venom begins to drip with poison!
I - a +4 spear of venom (weapon)
The boulder beetle bites you!
* * * LOW HITPOINT WARNING * * *
You hit the boulder beetle but do no damage.
The boulder beetle is poisoned.
The boulder beetle leaps!
Unknown command.
Reach: I) +4 spear (venom)
Press: ? - help, Dir - move target, f - boulder beetle
Aim: a boulder beetle (lightly wounded, very poisoned, about 8% to evade your +4 spear of venom)
You reach to attack!
You hit the boulder beetle but do no damage.
The boulder beetle looks as sick as possible!
The boulder beetle is lightly wounded.
The boulder beetle curls into a ball and begins rolling!
You hit the boulder beetle but do no damage.
The boulder beetle looks as sick as possible!
The boulder beetle is moderately wounded.
The boulder beetle hits you!!
You die...

......)............## #..####
#################..# #.##
##..#############..########.#
#.##........(##.#...........#
#.##.#######.##.##...#####.##
...##.......##.###..(# #.#
#.###.#####.###.○##..# #.#
#(#.##.†...##.#.#B#..# #.#
#.#.##.###.###.#@.##.##
#.######
#.#..##)..##.##.##†#..#
#.......
#.#.###.#.###)#)#..##.##
#######.
#.#.#.##.##.)#)#.#.##..# #.
....[.##.##.#[#..#..##.# #.
####.##.##.#########.#.## #.
....##.##.........##.#..#####
#.
#.#.##.##..##.##..##.##.....#
#.
.#.##...##.##.##.##...#..##.#
#.


You could see a boulder beetle (rolling, extremely poisoned).

Vanquished Creatures
  3 hydras
  A centaur warrior (D:9)
  2 two-headed ogres (D:9)
  A death yak (Lair:1)
  An orc sorcerer (Bailey)
  An ugly thing (D:9)
  A black mamba (Lair:2)
  6 cane toads (Lair:2)
  A rime drake (Lair:2)
  3 komodo dragons
  A kobold demonologist (Bailey)
  A troll (D:9)
  A polar bear (Lair:1)
  A hornet (D:9)
  2 wyverns
  A shadow (D:9)
  A basilisk (D:9)
  2 wraiths
  15 yaks
  A vampire mosquito (D:9)
  Edmund (D:4)
  2 water moccasins
  A water moccasin (shapeshifter) (D:9)
  A black bear (D:5)
  10 orc warriors
  An ice beast (D:8)
  2 sky beasts (D:5)
  A necrophage (D:6)
  An ogre (D:6)
  5 centaurs
  2 phantoms
  A kobold brigand (D:9)
  8 bullfrogs
  2 gnoll sergeants (D:9)
  A scorpion (D:5)
  A wyvern skeleton (D:5)
  2 howler monkeys
  4 electric eels (Bailey)
  A centaur zombie (D:8)
  4 orc priests
  A centaur skeleton (D:7)
  5 hounds (D:5)
  A bullfrog skeleton (D:6)
  6 orc wizards
  6 iguanas
  A mummy (Ossuary)
  2 howler monkey zombies
  5 adders
  9 gnolls
  A howler monkey skeleton (D:6)
  A shadow imp (D:8)
  A white imp (D:7)
  A worm zombie (D:6)
  An adder skeleton (D:4)
  4 worms
  3 dart slugs (D:1)
  48 orcs
  8 ball pythons
  4 endoplasms
  6 giant cockroaches
  15 goblins
  11 hobgoblins
  8 kobolds
  2 quokkas
  7 bats
  2 frilled lizards
  7 gnoll skeletons (Ossuary)
  A goblin zombie (D:6)
  7 kobold skeletons (Ossuary)
  11 orc skeletons (Ossuary)
  5 rats
287 creatures vanquished.

Vanquished Creatures (others)
  A bush (Lair:2)
  10 fungi
  34 plants
  6 withered plants (D:3)
51 creatures vanquished.

Grand Total: 338 creatures vanquished

Notes
Turn   | Place    | Note
-------+----------+-------------------------------------------
     0 | D:1      | pkoi the Demigod Gladiator began the quest for the Orb.
     0 | D:1      | Reached XP level 1. HP: 17/17 MP: 3/3
    75 | D:1      | Reached skill level 3 in Unarmed Combat
   314 | D:1      | Reached XP level 2. HP: 16/24 MP: 4/4
  1277 | D:2      | Found Geucuet's Antique Armour Emporium.
  1381 | D:2      | Reached XP level 3. HP: 29/29 MP: 5/5
  1417 | D:2      | Reached skill level 4 in Unarmed Combat
  2363 | D:3      | Found a runed translucent gate.
  2364 | D:3      | Found a runed translucent gate.
  2364 | D:3      | Found a runed translucent gate.
  2381 | D:3      | Noticed Zeld's ghost (weakling GrCj)
  2381 | D:3      | Noticed Wentworth's ghost (amateur DrIE)
  2816 | D:3      | Reached XP level 4. HP: 36/36 MP: 6/6
  3310 | D:3      | Reached skill level 5 in Unarmed Combat
  3604 | D:4      | Identified a scroll of acquirement
  3604 | D:4      | Acquired the +2 pair of gloves of Melancholy {rF++ SInv}
  3905 | D:4      | Noticed Edmund
  4304 | D:4      | Reached XP level 5. HP: 20/41 MP: 7/7
  4567 | D:4      | Killed Edmund
  4944 | D:4      | Found a staircase to the Ecumenical Temple.
  4966 | D:4      | Reached skill level 6 in Unarmed Combat
  5116 | D:4      | Reached XP level 6. HP: 28/50 MP: 8/8
  5634 | D:5      | Entered Level 5 of the Dungeon
  5881 | D:5      | Reached skill level 1 in Armour
  6134 | D:5      | Reached skill level 7 in Unarmed Combat
  6134 | D:5      | Reached XP level 7. HP: 42/57 MP: 9/9
  6718 | D:5      | Learned a level 3 spell: Confusing Touch
  6832 | D:6      | Reached skill level 8 in Unarmed Combat
  7164 | D:6      | Reached skill level 1 in Evocations
  7164 | D:6      | Reached XP level 8. HP: 49/63 MP: 10/10
  7272 | D:6      | Found a sand-covered staircase.
  7319 | Ossuary  | Entered an ossuary
  7441 | Ossuary  | Reached skill level 9 in Unarmed Combat
  7744 | D:6      | Acquired a manual of Fighting
  9253 | D:6      | Learned a level 3 spell: Ignite Poison
  9509 | D:7      | Noticed Harold
 10292 | D:7      | Found Iupt's Incredible Inventory.
 10681 | D:8      | Reached XP level 9. HP: 30/72 MP: 11/11
 11046 | D:8      | Learned a level 2 spell: Blink
 11406 | D:8      | Reached skill level 10 in Unarmed Combat
 11668 | D:9      | Reached skill level 5 in Fighting
 11775 | D:9      | Found a flagged portal.
 11787 | Bailey   | Entered a bailey
 12547 | Bailey   | Noticed a kobold demonologist
 12550 | Bailey   | Killed a kobold demonologist
 13060 | Bailey   | Identified the +9 scimitar of the Valley of Death
                  | {antimagic, rC- Will+ SInv}
 13295 | Bailey   | Noticed an orc sorcerer
 13331 | Bailey   | Killed an orc sorcerer
 13343 | Bailey   | Identified the +0 robe of the Boiling Point {rN+}
 13465 | Bailey   | Reached skill level 11 in Unarmed Combat
 13751 | D:9      | Reached XP level 10. HP: 62/84 MP: 13/13
 14097 | D:9      | Reached skill level 5 in Evocations
 14098 | D:9      | Found a staircase to the Lair.
 14270 | D:9      | Reached skill level 5 in Armour
 14659 | D:2      | Bought a glowing cloak for 240 gold pieces
 14988 | D:9      | Noticed a centaur warrior
 14996 | D:9      | Killed a centaur warrior
 15135 | D:9      | Noticed a two-headed ogre
 15210 | D:8      | Acquired 1063 gold pieces
 15212 | D:8      | Acquired the ring "Curch" {rF+ Str+4 Slay+2}
 15294 | Lair:1   | Entered Level 1 of the Lair of Beasts
 15591 | Lair:1   | Noticed a seven-headed hydra
 15632 | Lair:1   | Killed a seven-headed hydra
 15732 | Lair:1   | Noticed a seven-headed hydra
 15750 | Lair:1   | Killed a seven-headed hydra
 15751 | Lair:1   | Reached skill level 12 in Unarmed Combat
 16229 | Lair:1   | Reached XP level 11. HP: 23/95 MP: 14/14
 17598 | Lair:2   | Noticed a death yak
 17640 | Lair:1   | Killed a death yak
 18031 | Lair:2   | Noticed a death yak
 18033 | Lair:2   | Noticed a death yak
 18038 | Lair:2   | Noticed a death yak
 18542 | Lair:2   | Reached skill level 13 in Unarmed Combat
 18939 | Lair:2   | Reached skill level 10 in Fighting
 19254 | D:9      | Killed a two-headed ogre
 19470 | D:9      | Noticed a two-headed ogre
 19476 | D:9      | Killed a two-headed ogre
 19681 | D:9      | Found the +7 sceptre of Torment {pain, torment}
 19682 | D:9      | Noticed an eight-headed hydra
 19721 | D:9      | Killed an eight-headed hydra
 19733 | D:9      | Noticed a boulder beetle
 19743 | D:9      | Slain by a boulder beetle

Illustrated notes

Levels and vault maps discovered:
D:1:      minmay_arrival_radiant_lines, layout_loops_ring,
          hellmonk_ecumenical_altar_defaced_shrine, minmay_shallow_snake_nest
D:2:      layout_basic, basic_altar, serial_shops, nicolae_shop_behind_doors,
          grunt_ministairs_1, amcnicky_mini_pool_small
D:3:      layout_basic, serial_corexii_hall, chequers_hall_statues_corner_a,
          corexii_hall_statues_l, chequers_hall_statues_y,
          corexii_hall_statues_i, gammafunk_ghost_cemetery
D:4:      layout_gridville, nicolae_gozag_conspicuous_consumption,
          minmay_temple_entry_slanted, uniq_edmund
D:5:      layout_basic
D:6:      layout_layer_cave, enter_ossuary_3, centaur_isle
D:7:      layout_basic, serial_corexii_hall, corexii_hall_statues_deadend,
          chequers_hall_statues_y, minmay_misc_feat_four_crosses,
          nicolae_alphabet_shops, uniq_harold
D:8:      layout_loops_cross, special_room [special_room_orc]
D:9:      minmay_the_grid_triangle_9x9_rhombus_full
          [minmay_the_grid_triangle_9x9_zippers_horizontal,
          minmay_the_grid_triangle_9x9_empty,
          minmay_the_grid_triangle_9x9_wacky_v,
          minmay_the_grid_triangle_9x9_from_above,
          minmay_the_grid_triangle_9x9_flanged_cone,
          minmay_the_grid_triangle_9x9_corruption,
          minmay_the_grid_triangle_9x9_descending_squares,
          minmay_the_grid_triangle_9x9_prize_schism], layout_loops_ring,
          david_lair_shrubbed, enter_bailey_3
Lair:1:   layout_layer_cave
Lair:2:   layout_regular_city

Skill      XL: |  1  2  3  4  5  6  7  8  9 10 11 |
---------------+----------------------------------+-----
Unarmed Combat | 3 4 5 6 7 8 9 11 12 13 | 13.6
Fighting       | 2 3 4 6 8 10 | 10.7
Armour         | 1 3 4 6 7 |  7.6
Dodging        | 3 |  3.0
Evocations     | 1 3 4 6 |  6.0
Throwing       | |  1.7

Action                   |  1- 3 |  4- 6 |  7- 9 | 10-12 || total
-------------------------+-------+-------+-------+-------++-------
Melee: Unarmed           |   220 |   184 |   635 |   337 ||  1376
       Punch             |     7 |    10 |    51 |    24 ||    92
       Spear             |       |       |       |     3 ||     3
Throw: Dart              |       |       |       |     6 ||     6
Evoke: Wand              |       |     8 |    10 |     3 ||    21
  Use: Scroll            |     4 |     6 |    14 |     3 ||    27
       Potion            |     2 |     3 |     1 |     1 ||     7
Armor: Leather armour    |    41 |       |       |       ||    41
       Plate armour      |    40 |    53 |       |       ||    93
       Storm dragon scal |       |    72 |   324 |   181 ||   577
       Skin              |       |       |       |    10 ||    10
Dodge: Dodged            |   116 |    75 |   205 |   118 ||   514
